 Dungeon Crawl Stone Soup version 0.21-a0-401-g0b6bec4 (webtiles) character file.

224 graki42 the Chopper (level 6, -1/52 HPs)
             Began as a Hill Orc Gladiator on Oct 25, 2017.
             Slain by an ogre
             ... wielding a +0 giant club
              (14 damage)
             ... on level 3 of the Dungeon.
             The game lasted 00:06:13 (3372 turns).

graki42 the Chopper (Hill Orc Gladiator)            Turns: 3372, Time: 00:06:15

Health: -1/52      AC: 12    Str: 19    XL:     6   Next: 0%
Magic:  6/6        EV:  6    Int:  8    God:
Gold:   117        SH:  0    Dex: 12    Spells: 5/5 levels left

rFire    . . .     SeeInvis .   a - +0 war axe
rCold    . . .     Gourm    .   (no shield)
rNeg     . . .     Faith    .   v - +0 plate armour
rPois    .         Spirit   .   c - +0 helmet
rElec    .         Reflect  .   (no cloak)
rCorr    .         Harm     .   (no gloves)
MR       .....                  (no boots)
Stlth    ..........             (no amulet)
HPRegen  0.17/turn              k - ring of loudness (curse)
MPRegen  0.10/turn              (no ring)

@: no status effects
A: no striking features
a: no special abilities


You were on level 3 of the Dungeon.
You were not hungry.

You visited 1 branch of the dungeon, and saw 4 of its levels.

You collected 117 gold pieces.

Inventory:

Hand Weapons
 a - a +0 war axe (weapon)
Missiles
 d - 3 throwing nets
 e - 2 steel tomahawks (quivered)
Armour
 c - a +0 helmet (worn)
 u - a +0 scale mail
 v - a +0 plate armour (worn)
Jewellery
 k - a cursed ring of loudness (left hand)
Scrolls
 g - a scroll of noise {unknown}
 i - 3 scrolls of fog {unknown}
 l - 2 scrolls of amnesia {unknown}
 n - a scroll of enchant weapon {unknown}
 p - a scroll of enchant armour {unknown}
 r - 2 scrolls of identify {unknown}
 t - a scroll of remove curse {unknown}
Potions
 b - a potion of heal wounds {unknown}
 m - 2 potions of lignification {unknown}
 o - a potion of resistance {unknown}
 q - a potion of berserk rage {unknown}
 s - 2 potions of curing {unknown}
Comestibles
 f - a bread ration
 h - 4 meat rations
 j - a royal jelly
 w - 2 chunks of flesh
 x - 3 fruits


   Skills:
 + Level 3.6 Fighting
 + Level 6.4 Axes
 + Level 1.9 Throwing
 + Level 2.3 Armour
 + Level 3.0 Dodging
 - Level 0.4 Stealth


You had 5 spell levels left.
You didn't know any spells.

Dungeon Overview and Level Annotations

Branches:
Dungeon (4/15)
 Temple: D:4-7

Altars:
Gozag
Nemelex Xobeh


Message History

The howler monkey hits you.
* * * LOW HITPOINT WARNING * * *
Okay, then.
You hit the orc.
The orc is heavily wounded.
You closely miss the howler monkey. You barely miss the ogre.
The howler monkey barely misses you. The orc hits you.
* * * LOW HITPOINT WARNING * * *
The ogre barely misses you.
You hit the orc.
You kill the orc!
You have reached level 6!
Your experience leads to an increase in your attributes!
Increase (S)trength, (I)ntelligence, or (D)exterity?
You feel stronger.
Your plate armour prevents you from hitting the howler monkey.
You hit the ogre.
The howler monkey hits you but does no damage. x2
The ogre hits you with a giant club!
You die...

####...##.......#
#...##.......# .
##...#....#...#
$##....#....#...#
###...##..(..(..#
##....##...###.(#
.....###........##
....## #..#####Oh#
...## #.......[@#
.### #...#######
## ##...# .#
#....#
.######....#
.##........#
.##........#
.##........#
.##........#


You could see an ogre and a howler monkey.

Vanquished Creatures
  An orc priest (D:4)
  A worker ant (D:4)
  Robin (D:3)
  4 adders
  4 worms
  A dart slug (D:1)
  6 leopard geckos
  11 orcs
  A ball python (D:1)
  9 bats
  3 giant cockroaches
  8 hobgoblins
  8 jackals
  9 kobolds
  A quokka (D:3)
  3 frilled lizards (D:3)
  16 goblins
  2 rats (D:2)
89 creatures vanquished.

Notes
Turn   | Place    | Note
-------+----------+-------------------------------------------
     0 | D:1      | graki42 the Hill Orc Gladiator began the quest for the Orb.
     0 | D:1      | Reached XP level 1. HP: 18/18 MP: 1/1
    89 | D:1      | Reached XP level 2. HP: 22/25 MP: 2/2
   367 | D:1      | Reached XP level 3. HP: 29/30 MP: 3/3
   459 | D:1      | Found a sparkling altar of Nemelex Xobeh.
  1136 | D:2      | Reached skill level 1 in Armour
  1178 | D:2      | Reached skill level 5 in Axes
  1178 | D:2      | Reached XP level 4. HP: 29/37 MP: 4/4
  2118 | D:3      | Found an opulent altar of Gozag.
  2190 | D:3      | Noticed Robin
  2223 | D:3      | Killed Robin
  2223 | D:3      | Reached XP level 5. HP: 10/45 MP: 5/5
  2640 | D:3      | Noticed a two-headed ogre
  2860 | D:3      | Reached skill level 6 in Axes
  3144 | D:4      | Noticed an ogre
  3372 | D:3      | Reached XP level 6. HP: 13/52 MP: 6/6
  3372 | D:3      | Slain by an ogre

Vault maps used:
D:1:      nicolae_arrival_somewhat_less_tricky_arrival,
          nemelex_xobeh_ov_fountains_minmay
D:2:      interstate_on_off
D:3:      lemuel_doored_altar, lightli_corner_chamber, uniq_robin
D:4:      cheibrodos_pilgrimage, gammafunk_temple_overflow_statue

Skill      XL: |  1  2  3  4  5 |
---------------+----------------+-----
Armour         | 1 2 |  2.3
Axes           | 5 6 |  6.4
Fighting       | 3 |  3.6
Dodging        | 3 |  3.0
Throwing       | |  1.9
Stealth        | |  0.4

Action                   |  1- 3 |  4- 6 || total
-------------------------+-------+-------++-------
Melee: War axe           |   110 |   159 ||   269
Throw: Tomahawk          |     1 |     1 ||     2
  Eat: Chunk             |       |     8 ||     8
Armor: Leather armour    |    37 |     1 ||    38
       Ring mail         |       |    37 ||    37
       Plate armour      |       |    28 ||    28
       Scale mail        |       |     1 ||     1
Dodge: Dodged            |    85 |   110 ||   195

Table legend:
 A = Spawn XP
 B = Non-spawn XP
 C = Spawn XP percentage of total XP
 D = Spawn monster count
 E = Non-spawn monster count
 F = Spawn count percentage of total count
 G = Total turns spent on level
                    A         B        C        D         E        F      G
               +---------+---------+-------+---------+---------+-------+---------
         Total |       0 |     321 |   0.0 |       0 |      89 |   0.0 |  3372
               +---------+---------+-------+---------+---------+-------+---------
           D:1 |       0 |      42 |   0.0 |       0 |      21 |   0.0 |   670
           D:2 |       0 |      68 |   0.0 |       0 |      25 |   0.0 |  1219
           D:3 |       0 |     130 |   0.0 |       0 |      39 |   0.0 |  1437
           D:4 |       0 |      81 |   0.0 |       0 |       4 |   0.0 |    46
               +---------+---------+-------+---------+---------+-------+---------
